 Dungeon Crawl Stone Soup version 0.28.0-53-g5a82cb258f (console) character file.

Game seed: 236538251985779056

2781 erker the Transmogrifier (level 9, 0/51 HPs)
             Began as an Octopode Earth Elementalist on July 15, 2022.
             Was an Initiate of Gozag.
             Killed by divine providence
             ... invoked by an orc priest
              (14 damage)
             ... on level 8 of the Dungeon.
             The game lasted 00:36:49 (8996 turns).

erker the Transmogrifier (OpEE)                     Turns: 8996, Time: 00:36:50

Health: 0/51       AC:  5    Str:  8    XL:     9   Next: 70%
Magic:  7/12       EV: 13    Int: 21    God:    Gozag
Gold:   548        SH:  0    Dex: 18    Spells: 2/12 levels left

rFire   . . .      SeeInvis .   w - +0 short sword (elec)
rCold   . . .      Faith    .   (no shield)
rNeg    . . .      Spirit   .   (helmet restricted)
rPois   .          Reflect  .   (no amulet)
rElec   .          Harm     .   l - +4 ring of protection
rCorr   .          Rampage  .   s - +6 ring of dexterity
Will    .....                   (no ring)
Stlth   ++++......              (no ring)
HPRegen 0.17/turn               (no ring)
MPRegen 0.13/turn               (no ring)
                                (no ring)
                                (no ring)

@: lethally poisoned (0 -> -5), gold aura
A: almost no armour, amphibious, 8 rings, camouflage 1, gelatinous body 1,
(nimble swimmer 1), tentacles
a: Renounce Religion, Potion Petition, Call Merchant, Bribe Branch


You were on level 8 of the Dungeon.
You worshipped Gozag.
Gozag was pleased with you.
You visited 2 branches of the dungeon, and saw 10 of its levels.

You collected 605 gold pieces.
You paid 57 gold pieces to Gozag.

Inventory:

Hand Weapons
 a - a +0 dagger
 b - a +2 hunting sling of freezing
 w - a +0 short sword of electrocution (weapon)
Missiles
 d - 40 stones
 g - 44 sling bullets
 m - 6 atropa-tipped darts
 p - 19 poisoned darts (quivered)
 t - a throwing net
Jewellery
 l - a +4 ring of protection (left tentacle)
 s - a +6 ring of dexterity (right tentacle)
Wands
 y - a wand of acid (7)
 C - a wand of flame (6)
Scrolls
 c - a scroll of enchant weapon {unknown}
 e - a scroll of immolation
 h - 2 scrolls of holy word {unknown}
 j - a scroll of vulnerability {unknown}
 o - 3 scrolls of enchant armour {unknown}
 q - a scroll of fear {unknown}
 r - a scroll of teleportation
 v - a scroll of brand weapon {unknown}
 x - a scroll of summoning {unknown}
 z - a scroll of amnesia {unknown}
 E - a scroll of blinking {unknown}
 F - a scroll of magic mapping {unknown}
Potions
 f - 2 potions of curing
 i - 5 potions of invisibility
 k - 2 potions of might
 n - 3 potions of flight
 u - a potion of brilliance
 A - a potion of lignification
 B - a potion of heal wounds {unknown}
 D - a potion of degeneration {unknown}


   Skills:
 - Level 2.0 Short Blades
 - Level 2.0 Dodging
 - Level 6.0 Stealth
 - Level 2.0 Spellcasting
 - Level 4.0 Summonings
 + Level 8.9 Transmutations
 - Level 8.0 Earth Magic


You had 2 spell levels left.
You knew the following spells:

 Your Spells              Type           Power      Damage    Failure   Level
a - Sandblast             Erth           70%        2d15      1%          1
d - Call Canine Familiar  Summ           18%        N/A       9%          3
p - Petrify               Tmut/Erth      37%        N/A       4%          4
w - Passwall              Tmut/Erth      30%        N/A       1%          2

Your spell library contained the following spells:

 Spells                   Type           Power      Damage    Failure   Level
 Stone Arrow              Conj/Erth      36%        3d9       9%          3
 Leda's Liquefaction      Hex/Erth       9%         N/A       28%         4
 Portal Projectile        Hex/Tloc       4%         N/A       41%         3
 Lehudib's Crystal Spear  Conj/Erth      9%         10d4      100%        8
 Animate Armour           Summ/Erth      Unusable   N/A       N/A         4

Dungeon Overview and Level Annotations

Branches:
Dungeon (9/15)             Temple (1/1) D:6
   Lair: D:8-11         Orc: D:9-12

Altars:
Ashenzari
Cheibriados
Dithmenos
Elyvilon
Gozag
Kikubaaqudgha
Makhleb
Okawaru
Qazlal
Ru
Sif Muna
Trog
Uskayaw
Xom
Yredelemnul
Zin
The Shining One
Beogh

Annotations:
D:7 2 runed translucent doors, Dowan; Duvessa; MarshatheCat's ghost, novice FeAE


Innate Abilities, Weirdness & Mutations

You cannot wear most types of armour.
You are amphibious.
You can wear up to eight rings at the same time.
Your skin changes colour to match your surroundings (Stealth+).
Your rubbery body absorbs attacks. (AC +1, EV +1)
((You are camouflaged when in or above water. (Stealth+)))
You have tentacles for arms and can constrict up to eight enemies at once.


Message History

The killer bee is almost dead.
The killer bee buzzes angrily.
d - 42 stones You feel sick.
You hear an angry buzzing noise. x2; You hear a shout!
Casting: Sandblast (safe; 1% risk of failure)
Confirm with . or Enter, or press ? or * to list all spells.
Aiming: Sandblast (safe; 1% risk of failure)
Press: ? - help, Shift-Dir - straight line, f/p - killer bee
Aim: a killer bee (almost dead, 63% to hit)
The blast of sand misses the killer bee.
d - 41 stones You feel sick.
You hear an angry buzzing noise.
The killer bee stings you.
You are more poisoned.
The killer bee poisons you! The killer bee zombie hits you.
The killer bee stings you but does no damage.
The killer bee zombie hits you.
You hear a shout!
Casting: Sandblast (safe; 1% risk of failure)
Confirm with . or Enter, or press ? or * to list all spells.
Aiming: Sandblast (safe; 1% risk of failure)
Press: ? - help, Shift-Dir - straight line, f/p - killer bee
Aim: a killer bee (almost dead, 63% to hit)
The blast of sand hits the killer bee!
You kill the killer bee!
d - 40 stones You feel very sick.
The killer bee zombie barely misses you.
You feel sick.
The orc priest shouts!
You hear a shout!
The killer bee zombie misses you.
The killer bee zombie closely misses you.
An orc priest comes into view. It is wielding a +0 club.
You feel sick.
The orc priest mumbles some strange prayers to Beogh against you.
Beogh smites you!
You die...
Your body crumbles into a pile of gold.

.. ... #..# ... #.##..# ...###
#..#..## ....<## #.....###
.###..### #.....>#.. ..#.....##
#.).##........ ..$$$....##
###..####....... .$..$.....#
#...............
..$.......######@##............
................Z##............
..................$............
o..............####.#..........
o.........!...)# ##......##
<#.#####.......# #...#.###
##.oo #.......###...#.#
ooooo#.....o.....###.#
##ooooO#....o...o....#


You could see an orc priest and a killer bee zombie.

Vanquished Creatures
  A water moccasin (D:7)
  A hornet zombie (D:6)
  2 orc warriors (D:7)
  A black bear (D:6)
  2 ice beasts
  4 ogres
  2 centaurs
  A kobold brigand (D:7)
  5 scorpions
  A water moccasin skeleton (D:5)
  3 killer bees (D:8)
  2 howler monkeys
  An electric eel (D:7)
  A centaur zombie (D:5)
  A centaur skeleton (D:7)
  4 hounds
  A gnoll shaman (D:6)
  5 orc priests
  3 iguanas
  2 orc wizards
  A hound zombie (D:5)
  A howler monkey zombie (D:6)
  3 gnolls (D:6)
  10 adders
  2 shadow imps (D:5)
  An ufetubus (D:7)
  2 worms
  26 orcs
  7 ball pythons
  8 endoplasms
  4 giant cockroaches
  10 hobgoblins
  2 jackals (D:5)
  6 bats
  A frilled lizard (D:2)
  8 goblins
  12 kobolds
  5 rats
152 creatures vanquished.

Vanquished Creatures (collateral kills)
  2 centaurs
  An orc wizard (D:7)
  2 gnolls (D:6)
  4 orcs
9 creatures vanquished.

Vanquished Creatures (others)
  4 fungi (D:7)
  3 plants
7 creatures vanquished.

Grand Total: 168 creatures vanquished

Notes
Turn   | Place    | Note
-------+----------+-------------------------------------------
     0 | D:1      | erker the Octopode Earth Elementalist began the quest for
                  | the Orb.
     0 | D:1      | Reached XP level 1. HP: 11/11 MP: 3/3
   341 | D:1      | Reached XP level 2. HP: 14/17 MP: 5/5
   479 | D:1      | Reached skill level 1 in Short Blades
   891 | D:2      | Reached XP level 3. HP: 21/21 MP: 0/6
  1225 | D:2      | Reached XP level 4. HP: 24/27 MP: 3/7
  1234 | D:2      | Learned a level 2 spell: Passwall
  1239 | D:2      | Learned a level 4 spell: Petrify
  1387 | D:2      | Found a faded altar of an unknown god.
  1499 | D:3      | Found a stormy altar of Qazlal.
  2017 | D:3      | Noticed a scorpion
  2259 | D:4      | Reached XP level 5. HP: 31/31 MP: 8/8
  2458 | D:4      | Noticed an ogre
  2711 | D:5      | Entered Level 5 of the Dungeon
  2746 | D:5      | Reached XP level 6. HP: 36/36 MP: 9/9
  3070 | D:5      | Reached skill level 5 in Earth Magic
  3231 | D:5      | Reached XP level 7. HP: 34/41 MP: 6/10
  3784 | D:5      | Found a shadowy altar of Dithmenos.
  3784 | D:5      | Found a glowing golden altar of the Shining One.
  3829 | D:5      | Reached skill level 5 in Transmutations
  4253 | D:4      | Reached XP level 8. HP: 46/46 MP: 7/11
  4583 | D:6      | Learned a level 3 spell: Call Canine Familiar
  4670 | D:6      | Reached skill level 1 in Summonings
  4708 | D:6      | Found a staircase to the Ecumenical Temple.
  4718 | Temple   | Entered the Ecumenical Temple
  4994 | Temple   | Became a worshipper of Gozag Ym Sagoz the Greedy
  6028 | D:7      | Reached XP level 9. HP: 51/51 MP: 12/12
  6760 | D:7      | Noticed Duvessa
  6760 | D:7      | Noticed Dowan
  7032 | D:7      | Found a large runed translucent door.
  7032 | D:7      | Found a large runed translucent door.
  7044 | D:7      | Noticed MarshatheCat's ghost (novice FeAE)
  8019 | D:8      | Reached skill level 5 in Stealth
  8996 | D:8      | Killed from afar by an orc priest

Illustrated notes

Levels and vault maps discovered:
D:1:      scummos_arrival_checkerplants, layout_basic
D:2:      layout_rooms, hellmonk_ecumenical_altar_leap_of_faith
D:3:      layout_loops_cross, nicolae_qazlal_eye_of_the_storm,
          minmay_diced_spiral
D:4:      layout_cave_pools, wad_woods_river_04
D:5:      wad_lake_hut, layout_loops_cross, gammafunk_temple_overflow_elements
D:6:      layout_cave_pools, minmay_temple_entry_statues_pillars,
          nicolae_water_bricks
D:7:      layout_loops_corners, ebering_ghost_disaster_area, minivault_25,
          hex_medium, water_boxes_lemuel, uniq_duvessa
D:8:      layout_rooms, special_room [special_room_orc]
D:9:      layout_roguey, nicolae_vehumet_altar_sigil,
          nicolae_wu_jian_wuxing_cycle, nicolae_wooded_promenade
Temple:   dpeg_chambers_temple

Skill      XL: |  1  2  3  4  5  6  7  8  9 |
---------------+----------------------------+-----
Stealth        | 3 4 6 |  6.0
Short Blades   | 1 2 |  2.0
Earth Magic    | 4 6 8 |  8.0
Transmutations | 2 4 6 8 |  8.9
Summonings     | 4 |  4.0
Dodging        | |  2.0
Spellcasting   | |  2.0

Action                   |  1- 3 |  4- 6 |  7- 9 || total
-------------------------+-------+-------+-------++-------
Melee: Dagger            |    51 |    87 |   177 ||   315
       Constrict         |    14 |    22 |    39 ||    75
       Unarmed           |     2 |       |       ||     2
       Tentacles         |    12 |    17 |    56 ||    85
       Punch             |       |       |     3 ||     3
       Short sword       |       |       |    18 ||    18
Throw: Dart              |       |       |     4 ||     4
 Cast: Sandblast         |    15 |    34 |    53 ||   102
       Passwall          |       |     2 |     5 ||     7
       Petrify           |       |       |    11 ||    11
       Call Canine Famil |       |       |    13 ||    13
  Use: Scroll            |       |     6 |     4 ||    10
 Stab: Sleeping          |     6 |    12 |    10 ||    28
       Petrified         |       |       |    26 ||    26
       Distracted        |       |       |     2 ||     2
Armor: Skin              |       |    30 |    59 ||    89
Dodge: Dodged            |    40 |    73 |   147 ||   260
